 Dungeon Crawl Stone Soup version 0.18-a0-1157-g59db91b (webtiles) character file.

2809 truemonolith the Slicer (level 10, 5/63 HPs)
             Began as a Halfling Gladiator on Jan 23, 2016.
             Was an Initiate of Trog.
             Quit the game on level 8 of the Dungeon.
             The game lasted 00:19:00 (10742 turns).

truemonolith the Slicer (Halfling Gladiator)       Turns: 10742, Time: 00:19:00

Health: 5/63       AC: 18    Str: 18    XL:     10   Next: 2%
Magic:  10/10      EV: 11    Int:  7    God:    Trog [......]
Gold:   429        SH:  0    Dex: 16    Spells: 0 memorised, 9 levels left

rFire  . . .     SeeInvis .     a - +1 rapier
rCold  . . .     Gourm    .     G - +0 chain mail
rNeg   . . .     Faith    .     (shield restricted)
rPois  .         Spirit   .     i - +2 hat
rElec  .         Dismiss  .     B - +0 cloak
rCorr  .         Reflect  .     l - +2 pair of gloves
SustAt .         Harm     .     (no boots)
MR     .....     Clarity  +     (no amulet)
Stlth  ..........               (no ring)
                                (no ring)

@: not resistant to hostile enchantments, extremely unstealthy
A: clarity, mutation resistance 1
a: Burn Spellbooks, Renounce Religion


You were on level 8 of the Dungeon.
You worshipped Trog.
Trog was noncommittal.
You were not hungry.

You visited 2 branches of the dungeon, and saw 10 of its levels.

You collected 429 gold pieces.

Inventory:

Hand Weapons
 a - a +1 rapier (weapon)
 h - the +1 dagger of the Sugar Beet {pierce, *Contam Dex+5}
   (You found it on level 5 of the Dungeon)

   It inflicts extra damage upon your enemies.
   It affects your dexterity (+5).
   It causes magical contamination when unequipped.
Missiles
 d - 5 throwing nets (quivered)
Armour
 i - a +2 hat (worn)
 l - a +2 pair of gloves (worn)
 B - a +0 cloak (worn)
 G - a +0 chain mail (worn)
Jewellery
 b - an uncursed ring of protection from magic {unknown}
 w - an uncursed ring of sustain attributes
 L - an uncursed amulet of dismissal {unknown}
Wands
 r - a wand of flame (29/48)
 F - a wand of draining (7/15)
 I - a wand of fireball (15/15)
Scrolls
 o - 6 scrolls of identify
 p - a scroll of amnesia
 s - 7 scrolls of remove curse
 x - 2 scrolls of blinking
 y - a scroll of torment {unknown}
 C - 2 scrolls of immolation
 J - a scroll of recharging
 K - 3 scrolls of fear
 N - a scroll of teleportation
 O - a scroll of enchant weapon
Potions
 c - 2 potions of berserk rage {unknown}
 e - a potion of flight
 f - a potion of heal wounds {unknown}
 j - a potion of might {unknown}
 m - 2 potions of agility {unknown}
 n - a potion of curing
 t - 2 potions of resistance
 u - 2 potions of poison {unknown}
 v - a potion of brilliance {unknown}
 z - a potion of cure mutation {unknown}
 E - a potion of magic
 H - a potion of cancellation {unknown}
 M - a potion of haste {unknown}
Books
 k - a book of Transfigurations

   Spells                             Type                      Level
   a - Stoneskin                      Transmutation/Earth          2
   b - Irradiate                      Conjuration/Transmutation    5
   c - Statue Form                    Transmutation/Earth          6
   d - Hydra Form                     Transmutation                6
   e - Dragon Form                    Transmutation                7
   Trog disapproves of the use of such an item.
 D - a book of Envenomations

   Spells                             Type                      Level
   a - Spider Form                    Transmutation/Poison         3
   b - Olgreb's Toxic Radiance        Poison                       4
   c - Alistair's Intoxication        Transmutation/Poison         5
   d - Poisonous Cloud                Conjuration/Poison/Air       6
   Trog disapproves of the use of such an item.
Comestibles
 g - a meat ration
 q - 7 fruits
 A - 2 bread rations


   Skills:
 - Level 4.0 Fighting
 - Level 11.0 Short Blades
 - Level 2.1 Throwing
 + Level 10.3 Armour
 - Level 3.2 Dodging


You had 9 spell levels left.
You didn't know any spells.

Dungeon Overview and Level Annotations

Branches:
Dungeon (9/15)             Temple (1/1) D:7            Lair (0/8) D:8
    Orc: D:9-12

Altars:
Ashenzari
Fedhas
Gozag
Kikubaaqudgha
Nemelex Xobeh
Okawaru
Qazlal
Ru
Trog
The Shining One


Innate Abilities, Weirdness & Mutations

You are small and have problems with some larger weapons.
You are somewhat resistant to further mutation.
You possess an exceptional clarity of mind.


Message History

The iguana bites you. The komodo dragon closely misses you.
The iguana bites you.
You barely miss the komodo dragon.
The komodo dragon is moderately wounded.
The iguana barely misses you.
You puncture the komodo dragon!
The komodo dragon is heavily wounded.
The komodo dragon bites you!!
* * * LOW HITPOINT WARNING * * *
The iguana bites you but does no damage.
You are too injured to fight recklessly!
You are too injured to fight recklessly!
You are too injured to fight recklessly!
You are too injured to fight recklessly!
You are too injured to fight recklessly!
You are too injured to fight recklessly!
You are too injured to fight recklessly!
You are too injured to fight recklessly!
Unknown command.
Are you sure you want to abandon this character and quit the game? (Confirm with "yes".)

... ###.### #>...
...... ##.....#
#....
.......####.....#
#....
>.......##......#
#....
...............#
##...
...............#
##.. .
..........5.?.#
#.. ..
.......l.....##
##. ...
###..l@....# ##
5... #...l5...##
..... ##........#
......#........##
..............##
............###
...........##
##........##
##........


You could see a komodo dragon, 2 iguanas and 2 crimson imps.

Vanquished Creatures
  A hill giant (D:6)
  3 phantoms
  An orc warrior (D:6)
  3 sky beasts
  2 centaurs
  2 ogres
  A giant frog (D:7)
  A scorpion (D:6)
  3 wights (D:6)
  2 crimson imps (D:6)
  A centaur zombie (D:5)
  A giant frog zombie (D:7)
  3 hounds
  5 orc priests
  2 giant frog skeletons (D:4)
  A jelly (D:6)
  5 orc wizards
  A centaur skeleton (D:4)
  2 iguanas
  Natasha (twice) (D:3)
  7 worker ants
  A hound skeleton (D:9)
  Robin (D:2)
  7 adders
  3 gnolls (D:9)
  An adder skeleton (D:6)
  5 worms
  3 giant geckos
  15 orcs
  6 giant cockroaches
  15 goblins
  7 hobgoblins
  4 jackals (D:3)
  2 quokkas
  4 ball pythons
  9 bats
  A giant gecko zombie (D:7)
  A giant newt (D:6)
  A jackal skeleton (D:4)
  7 kobolds
  A quokka zombie (D:5)
  8 rats
151 creatures vanquished.

Vanquished Creatures (others)
  2 gnolls (D:8)
2 creatures vanquished.

Grand Total: 153 creatures vanquished

Notes
Turn   | Place    | Note
--------------------------------------------------------------
     0 | D:1      | truemonolith the Halfling Gladiator began the quest for the Orb.
     0 | D:1      | Reached XP level 1. HP: 14/14 MP: 1/1
   186 | D:1      | Reached XP level 2. HP: 13/19 MP: 2/2
   658 | D:1      | Reached skill level 5 in Short Blades
   894 | D:1      | Reached XP level 3. HP: 24/24 MP: 3/3
  1214 | D:2      | Found a sacrificial altar of Ru.
  1479 | D:2      | Reached skill level 6 in Short Blades
  1479 | D:2      | Reached XP level 4. HP: 25/29 MP: 4/4
  1614 | D:2      | Noticed Robin
  1674 | D:2      | Killed Robin
  2128 | D:2      | Found a shattered altar of Ashenzari.
  2139 | D:2      | Found an iron altar of Okawaru.
  2642 | D:3      | Noticed Natasha
  2664 | D:2      | Reached skill level 7 in Short Blades
  2664 | D:2      | Reached XP level 5. HP: 29/34 MP: 5/5
  2707 | D:3      | Killed Natasha
  2724 | D:3      | Reached skill level 8 in Short Blades
  2748 | D:3      | Reached XP level 6. HP: 20/39 MP: 6/6
  3522 | D:3      | Noticed Natasha
  3526 | D:3      | Killed Natasha
  4211 | D:4      | Found a glowing golden altar of the Shining One.
  4214 | D:4      | Noticed a phantom
  4235 | D:4      | Found a stormy altar of Qazlal.
  4331 | D:4      | Reached skill level 9 in Short Blades
  4920 | D:4      | Reached XP level 7. HP: 42/44 MP: 7/7
  5029 | D:4      | Reached skill level 10 in Short Blades
  5808 | D:5      | Entered Level 5 of the Dungeon
  5928 | D:5      | Reached skill level 11 in Short Blades
  6200 | D:5      | Found a blossoming altar of Fedhas.
  6363 | D:5      | Reached XP level 8. HP: 39/51 MP: 8/8
  6586 | D:5      | Got a transparent dagger
  6587 | D:5      | Identified the cursed +1 dagger of the Sugar Beet {pierce, *Contam Dex+5} (You found it on level 5 of the Dungeon)
  7330 | D:6      | Reached skill level 1 in Armour
  7505 | D:6      | You fall through a shaft for 3 floors!
  7810 | D:8      | Noticed a wyvern
  7850 | D:8      | Found a staircase to the Lair.
  8148 | D:6      | Noticed a hill giant
  8556 | D:6      | Gained mutation: You possess an exceptional clarity of mind. [mutagenic glow]
  8776 | D:6      | Found an ancient bone altar of Kikubaaqudgha.
  8793 | D:6      | Reached skill level 5 in Armour
  8809 | D:6      | Reached XP level 9. HP: 51/58 MP: 9/9
  8972 | D:6      | HP: 2/58 [hill giant/giant spiked club (18)]
  8974 | D:6      | Killed a hill giant
  8979 | D:6      | HP: 1/58 [centaur (6)]
  9924 | D:7      | Found a blossoming altar of Fedhas.
 10213 | D:7      | Found a sparkling altar of Nemelex Xobeh.
 10233 | D:7      | Found a staircase to the Ecumenical Temple.
 10301 | Temple   | Entered the Ecumenical Temple
 10373 | Temple   | Became a worshipper of Trog the Wrathful
 10545 | D:7      | Reached skill level 10 in Armour
 10672 | D:7      | Reached XP level 10. HP: 48/63 MP: 10/10
 10726 | D:8      | Noticed a komodo dragon
 10742 | D:8      | Quit the game

Vault maps used:
D:1:      dpeg_arrival_rhombi, minmay_shallow_snake_nest
D:2:      amethyst_overflow_temple_binary, minmay_misc_feat_x,
          lemuel_statue_altar, uniq_robin
D:3:      uniq_natasha
D:4:      tso_oasis_becter, first_bread, interstate_on_off,
          grunt_qazlal_sundering
D:5:      basic_altar
D:6:      lemuel_round_altar
D:7:      old_standard_altar, minmay_temple_entry_mist,
          nemelex_diamond_rough_becter
D:8:      fiery_altar_vehumet, dpeg_lair_monsters, serial_shops, shop_statue,
          kennysheep_small_circle
D:9:      minitemple, serial_shops, kennysheep_little_box, uniq_psyche,
          uniq_pikel
Temple:   jpeg_temple_clearing_9

Action                   |  1- 3 |  4- 6 |  7- 9 | 10-12 || total
-------------------------+-------+-------+-------+-------++-------
Melee: Rapier            |   104 |   278 |   443 |    17 ||   842
       Dagger            |       |       |   212 |       ||   212
  Use: Potion            |       |     3 |     4 |       ||     7
       Scroll            |       |       |    20 |       ||    20
 Stab: Sleeping          |     1 |       |       |       ||     1
  Eat: Bread ration      |     1 |       |     3 |     1 ||     5
       Meat ration       |       |     2 |       |       ||     2
       Pizza             |       |       |     1 |       ||     1
